 Dungeon Crawl Stone Soup version 0.30.1 (webtiles) character file.

Game seed: 3771190408349573959

56 Pepete the Digger (level 3, -2/19 HPs)
             Began as a Gargoyle Earth Elementalist on July 9, 2023.
             Slain by a gnoll
             ... wielding a +0 spear
              (7 damage)
             ... on level 2 of the Dungeon.
             The game lasted 00:01:43 (2295 turns).

Pepete the Digger (Gargoyle Earth Elementalist)     Turns: 2295, Time: 00:01:44

Health: -2/19      AC:  6    Str: 11    XL:     3   Next: 97%
Magic:  1/7        EV: 11    Int: 17    God:
Gold:   63         SH:  0    Dex: 10    Spells: 6/7 levels left

rFire   + . .        h - +0 flail
rCold   + . .        (no shield)
rNeg    + . .        a - +0 robe
rPois   ∞            (no helmet)
rElec   +            (no cloak)
rCorr   +            c - +0 pair of gloves
SInv    .            (no boots)
Will    .....        (no amulet)
Stlth   ++           (no ring)
HPRegen 0.23/turn    (no ring)
MPRegen 0.10/turn

%: no passive effects
@: resistant
A: sickness immunity, AC +3, negative energy resistance 1, electricity
resistance, torment resistance 1, petrification resistance
a: no special abilities


You were on level 2 of the Dungeon.
You visited 1 branch of the dungeon, and saw 2 of its levels.

You collected 63 gold pieces.

Inventory:

Hand Weapons
 h - a +0 flail (weapon)
Missiles
 i - 2 poisoned darts
Armour
 a - a +0 robe (worn)
 c - a +0 pair of gloves (worn)
Scrolls
 d - a scroll of identify {unknown}
Potions
 b - a potion of magic
 f - a potion of invisibility {unknown}
 g - a potion of curing {unknown}


   Skills:
 - Level 1.5 Dodging
 - Level 2.1 Stealth
 * Level 2.7 Spellcasting
 * Level 1.7 Transmutations
 * Level 4.4 Earth Magic


You had 6 spell levels left.
You knew the following spells:

 Your Spells              Type           Power      Damage    Failure   Level
a - Sandblast             Erth           34%        2d9       3%          1

Your spell library contained the following spells:

 Spells                   Type           Power      Damage    Failure   Level
 Passwall                 Tmut/Erth      10%        N/A       8%          2
 Stone Arrow              Conj/Erth      18%        3d8       22%         3
 Petrify                  Tmut/Erth      12%        N/A       45%         4
 Frozen Ramparts          Ice            4%         1d1       47%         3
 Ice Form                 Ice/Tmut       5%         N/A       77%         4
 Summon Ice Beast         Ice/Summ       2%         N/A       87%         4


Dungeon Overview and Level Annotations

Branches:
Dungeon (2/15)

Altars:

Shops:
D:1 :


Innate Abilities, Weirdness & Mutations

You are immune to sickness and miasma.
Your stone body is resilient. (AC +3)
You are immune to poison.
You resist negative energy. (rN+)
You are resistant to electric shocks. (rElec)
You are resistant to unholy torment.
You are immune to petrification.


Message History

There are monsters nearby! 2 gnolls come into view.
The gnoll shouts! x3
The gnoll hits you from afar with a +0 spear.
The blast of sand hits the gnoll.
The gnoll is moderately wounded.
The gnoll shouts!
You hear a shout!
A goblin comes into view. It is wielding a +0 club.
The gnoll barely misses you.
The gnoll hits you from afar with a +0 spear.
The blast of sand hits the gnoll!
You kill the gnoll!
The gnoll misses you.
The blast of sand misses the gnoll.
The gnoll hits you from afar with a +0 spear.
The gnoll misses you. The gnoll closely misses you.
The gnoll hits you from afar with a +0 spear.
The blast of sand hits the gnoll!
The gnoll is severely wounded.
The gnoll barely misses you. The gnoll closely misses you. x2
The blast of sand hits the gnoll!
You kill the gnoll!
The gnoll barely misses you.
The gnoll hits you but does no damage. x3
The blast of sand hits the goblin.
The goblin is heavily wounded.
The gnoll closely misses you. The goblin hits you with a +0 club.
The gnoll misses you.
You thump the goblin!
You kill the goblin!
The gnoll hits you from afar with a +0 spear.
The gnoll completely misses you.
The gnoll hits you from afar with a +0 spear. x2
* * * LOW HITPOINT WARNING * * *
You are too injured to fight recklessly!
Unknown command.
It was a potion of resistance.
You feel protected. The gnoll misses you.
The gnoll hits you from afar with a +0 spear!
You die...

###.#.
....#.###
#....<#
#.#.#.######
#...........#
#.....#####.#
##.....####
#......†..#
#......##@#
........##)#
###.......)gg
#.###.###.##
#. #.# #.# .
.. #.# .. ..#
###


You could see 2 gnolls.

Vanquished Creatures
  3 gnolls
  2 ball pythons (D:1)
  2 bats (D:1)
  5 endoplasms
  A giant cockroach (D:1)
  A goblin (D:2)
  A hobgoblin (D:1)
  3 kobolds (D:1)
  2 quokkas (D:1)
  A frilled lizard (D:1)
  7 rats
28 creatures vanquished.

Notes
Turn   | Place    | Note
-------+----------+-------------------------------------------
     0 | D:1      | Pepete the Gargoyle Earth Elementalist began the quest for
                  | the Orb.
     0 | D:1      | Reached XP level 1. HP: 10/10 MP: 3/3
   262 | D:1      | Reached skill level 1 in Transmutations
   384 | D:1      | Reached XP level 2. HP: 15/15 MP: 1/5
   925 | D:1      | Found a faded altar of an unknown god.
  1042 | D:1      | Reached skill level 4 in Earth Magic
  1082 | D:1      | Found Gocsas's Vocational Training.
  1220 | D:1      | Reached XP level 3. HP: 7/19 MP: 3/6
  2295 | D:2      | Slain by a gnoll

Illustrated notes

Levels and vault maps discovered:
D:1:      saegor_arrival_under_anarchy, layout_basic,
          shapermc_ecumenical_altar_notcrosses, nicolae_shop_vocational
D:2:      layout_loops_ring, hangedman_glass_teeth

Skill      XL: |  1  2 |
---------------+-------+-----
Transmutations | 1 |  1.7
Earth Magic    | 4 |  4.4
Dodging        | |  1.5
Stealth        | |  2.1
Spellcasting   | |  2.7

Action                     || total
---------------------------++-------
  Melee: Unarmed           ||     5
         Flail             ||    13
   Cast: Sandblast         ||    33
    Use: Potion            ||     1
   Stab: Sleeping          ||     1
 Armour: Robe              ||    19
  Dodge: Dodged            ||    24
